 Dungeon Crawl Stone Soup version 0.29.1-1-gd02db6906a (webtiles) character file.

Game seed: 4461487450962685368

219028 lennort the Zephyrmancer (level 18, -8/154 (155) HPs)
             Began as a Black Draconian Ice Elementalist on Oct 8, 2022.
             Was the Champion of Qazlal.
             Mangled by a seven-headed hydra simulacrum (13 damage)
             ... on level 4 of the Swamp on Oct 11, 2022.
             The game lasted 04:50:47 (59892 turns).

lennort the Zephyrmancer (DrIE)                    Turns: 59892, Time: 04:50:47

HP:   -8/154 (155)  AC: 23    Str: 18    XL:     18   Next: 43%
MP:   31/31         EV: 14    Int: 19    God:    Qazlal [******]
Gold: 1504          SH: 34    Dex: 18    Spells: 8/35 levels left

rFire   . . .      SeeInvis .   X - +3 eveningstar (venom)
rCold   + . .      Faith    .   p - +5 tower shield {AC+3}
rNeg    + + .      Spirit   .   (body armour unavailable)
rPois   +          Reflect  +   B - +1 hat of True Grit {Will+ Str+3}
rElec   +          Harm     .   E - +2 cloak
rCorr   .          Rampage  .   Y - +2 pair of gloves
Will    +++++                   A - +2 pair of boots
Stlth   +.........              T - amulet of reflection
HPRegen 0.35/turn               U - ring of poison resistance
MPRegen 0.22/turn               h - ring of Jicajaso {Contam rN++ Will+++ Dex+6 Slay+6}

@: protected from cold, flying, slowed, lightly drained, repel missiles, very
slow
A: breathe lightning, AC +10, unfitting armour, big wings, electricity
resistance, cold-blooded, inability to read after injury 1
}: 1/15 runes: serpentine
a: Breathe Lightning, Renounce Religion, Upheaval, Elemental Force, Disaster
Area


You were on level 4 of the Swamp.
You worshipped Qazlal.
Qazlal was exalted by your worship.
You visited 5 branches of the dungeon, and saw 28 of its levels.

You collected 2935 gold pieces.
You spent 1431 gold pieces at shops.

Inventory:

Hand Weapons
 d - the +7 staff of the Meek {protect, meekguard}
   (You found it on level 9 of the Dungeon)

   It grants its wielder temporary protection when it strikes (+7 to AC).
   It provides extra protection to wielders with little health.
 i - the +5 mace "Vos Kump" {vorpal, rF+++ rN++ Stlth-}
   (You found it on level 3 of the Snake Pit)

   It inflicts extra damage upon your enemies.
   rF:        It renders you almost immune to fire.
   rN:        It greatly protects you from negative energy.
   Stlth:     It makes you less stealthy.
 r - a +7 vampiric lajatang
 C - a +1 hand crossbow of venom
 D - a +3 spear of venom
 Q - a +1 arbalest of flaming
 X - a +3 eveningstar of venom (weapon)
Armour
 p - a +5 tower shield of protection (worn)
 A - a +2 pair of boots (worn)
 B - the +1 hat of True Grit (worn) {Will+ Str+3}
   (You found it on level 4 of the Dungeon)

   Str:       It affects your strength (+3).
   Will:      It increases your willpower.
 E - a +2 cloak (worn)
 Y - a +2 pair of gloves (worn)
Jewellery
 a - an amulet of regeneration
 b - a ring of wizardry
 h - the ring of Jicajaso (right hand) {Contam rN++ Will+++ Dex+6 Slay+6}
   (You acquired it on level 1 of the Lair of Beasts)

   [ring of dexterity]

   Dex:       It affects your dexterity (+6).
   Slay:      It affects your accuracy & damage with ranged weapons and melee
   (+6).
   rN:        It greatly protects you from negative energy.
   Contam:    It causes magical contamination when unequipped.
   Will:      It greatly increases your willpower.
 n - a ring of protection from fire
 y - an amulet of the acrobat
 H - the ring of Soran {Ice rCorr Int-3 SInv}
   (You acquired it on level 3 of the Lair of Beasts)

   [ring of ice]

   It enhances your ice magic.
   Int:       It affects your intelligence (-3).
   rF:        It makes you vulnerable to fire.
   rC:        It protects you from cold.
   SInv:      It lets you see invisible.
   rCorr:     It protects you from acid and corrosion.
 I - a +4 ring of evasion
 O - a ring of protection from cold
 T - an amulet of reflection (around neck)
 U - a ring of poison resistance (left hand)
Wands
 c - a wand of acid (28)
 g - a wand of paralysis (21)
 l - a wand of iceblast (4)
 z - a wand of digging (11)
 J - a wand of mindburst (6)
 R - a wand of flame (48)
 W - a wand of polymorph (27)
Scrolls
 f - 9 scrolls of poison
 o - 8 scrolls of teleportation
 s - 7 scrolls of fear
 u - 4 scrolls of amnesia
 v - 2 scrolls of identify
 w - 4 scrolls of magic mapping
 L - 5 scrolls of blinking
 S - 3 scrolls of silence
 V - 2 scrolls of summoning
 Z - 3 scrolls of brand weapon
Potions
 e - a potion of might
 j - a potion of berserk rage {unknown}
 m - 12 potions of curing
 t - a potion of haste
 x - 6 potions of lignification
 F - 3 potions of resistance
 K - 4 potions of invisibility
 N - 2 potions of magic
 P - 2 potions of cancellation
Miscellaneous
 k - a phial of floods
 G - a condenser vane
 M - a piece from Xom's chessboard (15/15)


   Skills:
 + Level 12.4 Fighting
 - Level 3.8 Long Blades
 + Level 5.0(9.4) Maces & Flails
 - Level 12.2(12.7) Staves
 * Level 6.6 Ranged Weapons
 - Level 9.1 Dodging
 - Level 6.4 Stealth
 * Level 7.6 Shields
 + Level 9.1 Spellcasting
 - Level 11.3 Conjurations
 - Level 1.1 Summonings
 - Level 2.1 Translocations
 + Level 5.7 Transmutations
 - Level 12.1 Ice Magic
 + Level 12.5 Air Magic
 - Level 3.9 Earth Magic
 * Level 10.9 Invocations
 + Level 7.5 Evocations


You had 8 spell levels left.
You knew the following spells:

 Your Spells              Type           Power      Damage    Failure   Level
a - Freeze                Ice            100%       1d11      1%          1
b - Frozen Ramparts       Ice            100%       1d16      1%          3
c - Ozocubu's Armour      Ice            53%        N/A       1%          3
d - Blink                 Tloc           32%        N/A       38%         2
e - Conjure Ball Lightni  Conj/Air       26%        3x3d7     58%         6
f - Hailstorm             Conj/Ice       52%        3d12      5%          4
g - Shock                 Conj/Air       100%       1d9       1%          1
h - Swiftness             Air            54%        N/A       1%          3
i - Airstrike             Air            27%        2d(4-20)  3%          4

Your spell library contained the following spells:

 Spells                   Type           Power      Damage    Failure   Level
 Beastly Appendage        Tmut           60%        N/A       6%          1
 Poisonous Vapours        Pois/Air       64%        N/A       8%          2
 Stone Arrow              Conj/Erth      74%        3d11      9%          3
 Wereblood                Tmut           30%        N/A       10%         2
 Sandblast                Erth           46%        2d11      13%         1
 Passwall                 Tmut/Erth      21%        N/A       14%         2
 Iskenderun's Battlesphe  Conj           51%        2d10      17%         5
 Conjure Flame            Conj/Fire      30%        6-21      19%         3
 Dazzling Flash           Conj/Hex       60%        N/A       19%         3
 Sting                    Tmut/Pois      76%        1d6       21%         1
 Apportation              Tloc           32%        N/A       26%         1
 Summon Lightning Spire   Summ/Air       34%        N/A       36%         4
 Summon Small Mammal      Summ           48%        N/A       38%         1
 Irradiate                Conj/Tmut      20%        3d18      47%         5
 Spider Form              Tmut/Pois      19%        N/A       52%         3
 Necrotise                Necr           32%        1d5       54%         1
 Sticky Flame             Conj/Fire      30%        2d5       54%         4
 Gell's Gravitas          Tloc           16%        N/A       63%         3
 Lesser Beckoning         Tloc           16%        N/A       63%         3
 Teleport Other           Tloc           16%        N/A       63%         3
 Ignite Poison            Fire/Tmut/Pois 15%        N/A       65%         3
 Corpse Rot               Necr/Pois/Air  24%        N/A       75%         4
 Silence                  Hex/Air        16%        N/A       80%         5
 Blade Hands              Tmut           15%        N/A       86%         5
 Fireball                 Conj/Fire      15%        3d8       87%         5
 Inner Flame              Hex/Fire       8%         N/A       89%         3
 Tukima's Dance           Hex            8%         N/A       89%         3
 Passage of Golubria      Tloc           16%        N/A       95%         4
 Ozocubu's Refrigeration  Ice            26%        4d13      98%         7
 Alistair's Intoxication  Tmut/Pois      12%        N/A       99%         5
 Yara's Violent Unravell  Hex/Tmut       9%         3d6       99%         5
 Orb of Destruction       Conj           25%        9d9       99%         7
 Olgreb's Toxic Radiance  Pois           8%         N/A       100%        4
 Manifold Assault         Tloc           16%        N/A       100%        5
 Dispersal                Tloc           8%         N/A       100%        6
 Dragon Form              Tmut           15%        N/A       100%        7
 Storm Form               Tmut/Air       21%        N/A       100%        7
 Discord                  Hex            4%         N/A       100%        8
 Disjunction              Tloc           8%         N/A       100%        8
 Ignition                 Fire           4%         3d4       100%        8
 Lehudib's Crystal Spear  Conj/Erth      18%        10d6      100%        8


Dungeon Overview and Level Annotations

Branches:
Dungeon (13/15)            Temple (0/1) D:5            Lair (5/5) D:10
  Swamp (4/4) Lair:2        Snake (4/4) Lair:3        Slime (0/5) Lair:5
    Orc (2/2) D:10            Elf (0/3) Orc:2        Vaults (0/5) D:13

Altars:
Ashenzari
Dithmenos
Elyvilon
Fedhas
Kikubaaqudgha
Makhleb
Nemelex Xobeh
Okawaru
Qazlal
Ru
Sif Muna
Vehumet
Wu Jian
Xom
Yredelemnul
Zin

Shops:
D:3 [   D:6 [   Orc:1 =*!?(   Orc:2 =[*?

Portals:
Pandemonium: Orc:2

Annotations:
Lair:1 exclusion: oklob plant
Lair:4 3 runed translucent doors, Hadkhar's ghost, journeyman TeAE
Snake:2 Roxanne


Innate Abilities, Weirdness & Mutations

You can breathe wild blasts of lightning.
Your glossy black scales are hard. (AC +10)
You cannot fit into any form of body armour.
Your large and strong wings let you fly.
You are resistant to electric shocks. (rElec)
You are cold-blooded and may be slowed by cold attacks.
You occasionally lose the ability to read scrolls when taking damage.


Message History

Wisps of shadow whirl around you...
You block the spectral five-headed hydra's attack. x3
The spectral five-headed hydra bites you but does no damage.
You block the spectral five-headed hydra's attack.
The seven-headed hydra simulacrum barely misses you.
The seven-headed hydra simulacrum bites you.
The seven-headed hydra simulacrum freezes you!
You resist.
The seven-headed hydra simulacrum bites you but does no damage.
The seven-headed hydra simulacrum closely misses you.
The seven-headed hydra simulacrum barely misses you.
The seven-headed hydra simulacrum bites you.
The seven-headed hydra simulacrum freezes you!
You resist.
You feel more protected from cold.
The seven-headed hydra simulacrum bites you.
The seven-headed hydra simulacrum freezes you!
You resist.
You feel more protected from cold.
The spectral five-headed hydra bites you but does no damage. x3
You block the spectral five-headed hydra's attack.
The spectral five-headed hydra bites you.
The seven-headed hydra simulacrum bites you but does no damage.
The seven-headed hydra simulacrum bites you.
* * * LOW HITPOINT WARNING * * *
The seven-headed hydra simulacrum freezes you!
You resist.
* * * LOW HITPOINT WARNING * * *
The seven-headed hydra simulacrum bites you but does no damage.
The seven-headed hydra simulacrum bites you.
* * * LOW HITPOINT WARNING * * *
The seven-headed hydra simulacrum freezes you!
You resist.
You feel more protected from cold.
* * * LOW HITPOINT WARNING * * *
The seven-headed hydra simulacrum bites you!
* * * LOW HITPOINT WARNING * * *
The seven-headed hydra simulacrum freezes you!
You resist.
You die...

♣♣~..~♣..÷.~~~~~##
♣♣~♣♣♣♣.~~~♣.~~~##
♣..~♣♣♣~~~♣♣♣~.##
♣♣.~§.~.~♣♣♣~.##
♣~~~~~.(.♣~~~##
♣♣.~~~~[....~~#
♣♣~~~☼§§~~~♣♣~~#
♣~.§Z÷~v~~~♣~.~#
♣♣~~○Z@xt§~~.~.~#
♣.~~~♣♣♣♣♣♣~..~§#
♣♣.~~~♣ ♣♣.÷~..#
♣~~~~.♣♣♣ ♣.~~~..#
♣.~~~~~.♣♣♣.~~~♣♣♣
♣.~~~~~~.♣♣♣.~.♣♣
♣♣..~~~~♣♣♣♣.~~~♣
♣..~~♣♣♣♣..~~~.♣♣
♣♣.~~~♣♣♣.~~~~.~♣♣♣♣


You could see a spectral five-headed hydra (ally target), a seven-headed hydra
simulacrum (ally target), a friendly bunyip (summoned), a friendly alligator
(summoned) and a friendly will-o-the-wisp (summoned).

Vanquished Creatures
  Vashnia (Snake:3)
  Jorgrun (Swamp:2)
  2 tentacled monstrosities (Swamp:1)
  Frances (Swamp:1)
  A thorn hunter (Lair:2)
  Kirke (D:12)
  A fenstrider witch (Swamp:3)
  2 nagarajas (Snake:4)
  An orc warlord (Orc:1)
  Nessos (Orc:2)
  4 bunyips
  5 eleionomae
  Josephine (Lair:3)
  14 hydras
  3 boulder beetles
  2 demonspawn (Orc:2)
  5 salamander tyrants
  11 anacondas
  5 ghost crabs
  A centaur warrior (D:8)
  A death knight (D:13)
  10 alligators
  2 two-headed ogres
  15 naga warriors
  4 death yaks
  8 orc high priests (Orc:2)
  22 naga sharpshooters
  A sun demon (Orc:2)
  8 shock serpents
  Amaemon (Lair:1)
  A skeletal warrior (D:13)
  5 goliath frogs
  8 spriggan druids
  7 salamander mystics
  8 naga ritualists
  3 spectral hydras (Swamp:4)
  2 bog bodies
  3 swamp dragons
  A wizard (D:13)
  8 orc knights
  A lindwurm (Snake:4)
  16 mana vipers
  2 ugly things
  A manticore (D:12)
  5 orc sorcerers
  23 salamanders
  4 will-o-the-wisps
  2 cyclopes
  10 guardian serpents
  19 naga magi
  14 elephants
  3 apocalypse crabs (Swamp:2)
  41 black mambas
  A molten gargoyle (Lair:5)
  22 cane toads
  2 orange demons
  A gargoyle (D:11)
  A torpor snail (Lair:3)
  An unseen horror (D:12)
  3 freezing wraiths
  2 hellwings (Orc:2)
  A rime drake (Lair:4)
  7 komodo dragons
  An ice devil (Orc:2)
  2 hydra zombies (Swamp:4)
  11 hornets
  11 trolls
  3 meliai (D:13)
  5 polar bears
  2 bloated husks
  9 tyrant leeches
  6 slime creatures (D:12)
  10 dream sheep
  16 blink frogs
  9 wraiths
  53 yaks
  2 shadows
  Sigmund (D:5)
  2 wyverns
  A ynoxinul (Orc:2)
  4 fire bats (Lair:5)
  A hog (D:12)
  13 spriggans
  4 basilisks
  A human (D:12)
  3 steam dragons
  29 vampire mosquitoes
  3 wargs
  An acid dragon (D:11)
  40 nagas
  7 swamp worms
  Duvessa (D:7)
  16 water moccasins
  6 swamp drakes
  41 orc warriors
  A swamp dragon zombie (Swamp:4)
  An ice beast (D:7)
  4 ogres
  7 centaurs
  29 wolves
  2 phantoms
  24 bullfrogs
  Blork the orc (D:5)
  2 kobold brigands (D:8)
  4 scorpions
  A necrophage (D:5)
  3 gnoll sergeants
  9 wights
  Dowan (D:7)
  22 killer bees
  A howler monkey (D:7)
  6 electric eels
  A lava snake (D:10)
  5 hounds
  4 jellies
  A gnoll bouda (D:6)
  37 orc priests
  An iguana (D:6)
  20 orc wizards
  13 gnolls
  6 adders
  A shadow imp (D:8)
  14 white imps
  3 ufetubi
  3 worms
  3 dart slugs
  67 orcs
  10 ball pythons
  16 endoplasms
  6 giant cockroaches
  11 goblins
  8 hobgoblins
  A jackal (D:4)
  18 kobolds
  6 quokkas
  8 bats
  2 frilled lizards
  4 rats
  5 briar patches (Swamp:1)
1069 creatures vanquished.

Vanquished Creatures (collateral kills)
  A nagaraja (Snake:2)
  A naga warrior (Snake:4)
  An alligator (Swamp:2)
  A goliath frog (Swamp:2)
  A bog body (Swamp:2)
  2 black mambas
  A hornet (Swamp:2)
  2 spriggans (Swamp:2)
  2 vampire mosquitoes (Swamp:2)
  A swamp worm (Swamp:2)
  A naga (Snake:4)
14 creatures vanquished.

Vanquished Creatures (others)
  A hydra (Swamp:1)
  A naga warrior (Snake:3)
  2 naga sharpshooters (Snake:4)
  A swamp dragon (Swamp:1)
  A troll (Orc:1)
  An orc (Orc:1)
  29 ball lightnings
  A briar patch (Swamp:1)
  10 foxfires
  23 fungi
  114 plants
184 creatures vanquished.

Grand Total: 1267 creatures vanquished

Notes
Turn   | Place    | Note
-------+----------+-------------------------------------------
     0 | D:1      | lennort the Draconian Ice Elementalist began the quest for
                  | the Orb.
     0 | D:1      | Reached XP level 1. HP: 14/14 MP: 3/3
   236 | D:1      | Reached XP level 2. HP: 14/20 MP: 1/5
   816 | D:1      | Reached skill level 1 in Fighting
  1348 | D:2      | Reached XP level 3. HP: 28/28 MP: 2/6
  1493 | D:2      | Found a faded altar of an unknown god.
  1552 | D:2      | Learned a level 3 spell: Frozen Ramparts
  2334 | D:2      | Reached XP level 4. HP: 26/36 MP: 0/7
  2441 | D:2      | Learned a level 3 spell: Ozocubu's Armour
  3008 | D:3      | Found Riafeyv's Antique Armour Boutique.
  3599 | D:3      | Found a glowing silver altar of Zin.
  3600 | D:3      | Found a burning altar of Makhleb.
  3604 | D:3      | Found a stormy altar of Qazlal.
  3762 | D:3      | Became a worshipper of Qazlal Stormbringer
  3970 | D:4      | Reached skill level 1 in Shields
  3978 | D:4      | Identified the +1 hat of True Grit {Will+ Str+3}
  4010 | D:4      | Reached XP level 5. HP: 42/42 MP: 8/8
  4024 | D:4      | Found a shimmering blue altar of Sif Muna.
  4328 | D:4      | Noticed a phantom
  4520 | D:5      | Entered Level 5 of the Dungeon
  4525 | D:5      | Noticed Sigmund
  4643 | D:5      | Reached skill level 1 in Translocations
  4672 | D:5      | Learned a level 2 spell: Blink
  4705 | D:5      | Found a broken altar of Ashenzari.
  5284 | D:5      | Reached skill level 1 in Ranged Weapons
  5284 | D:5      | Reached XP level 6. HP: 48/51 MP: 4/10
  5792 | D:5      | Reached skill level 5 in Ice Magic
  5871 | D:5      | Noticed Blork the orc
  6132 | D:6      | Your scales start taking on a glossy black colour.
  6132 | D:6      | Reached XP level 7. HP: 42/58 MP: 11/11
  6132 | D:6      | Gained mutation: You are resistant to electric shocks.
                  | (rElec) [Black Draconian growth]
  6794 | D:6      | Reached * piety under Qazlal
  6795 | D:6      | Reached skill level 1 in Air Magic
  7092 | D:5      | Killed Blork the orc
  7411 | D:5      | Found a staircase to the Ecumenical Temple.
  7643 | D:5      | Killed Sigmund
  7790 | D:4      | Reached XP level 8. HP: 60/67 MP: 6/12
  7796 | D:4      | Reached skill level 5 in Fighting
  8021 | D:4      | Reached ** piety under Qazlal
  8704 | D:5      | Reached skill level 1 in Long Blades
  9088 | D:6      | Paralysed by a wight for 5 turns
  9690 | D:7      | Reached skill level 1 in Conjurations
  9735 | D:7      | Noticed Duvessa
  9736 | D:7      | Noticed Dowan
  9746 | D:7      | Killed Dowan
  9757 | D:7      | Killed Duvessa
  9820 | D:7      | Learned a level 4 spell: Airstrike
 10417 | D:7      | Reached XP level 9. HP: 71/75 MP: 6/13
 10429 | D:7      | Reached skill level 5 in Air Magic
 11151 | D:6      | Found a sacrificial altar of Ru.
 11646 | D:6      | Found Puveng's Antique Armour Emporium.
 12700 | D:7      | Found a shimmering altar of Xom.
 12886 | D:8      | Reached skill level 1 in Maces & Flails
 12929 | D:8      | Noticed a two-headed ogre
 12965 | D:8      | Found an ornate altar of the Wu Jian Council.
 13320 | D:7      | Reached skill level 5 in Stealth
 13560 | D:8      | Reached *** piety under Qazlal
 13943 | D:8      | Noticed a five-headed hydra
 13959 | D:8      | Noticed a centaur warrior
 13976 | D:8      | Killed a centaur warrior
 13977 | D:8      | Reached XP level 10. HP: 63/84 MP: 11/14
 14394 | D:8      | Noticed an eight-headed hydra
 14400 | D:8      | Reached skill level 5 in Conjurations
 14929 | D:8      | Killed an eight-headed hydra
 14930 | D:8      | Reached skill level 5 in Shields
 15306 | D:9      | Found an ancient bone altar of Kikubaaqudgha.
 15331 | D:9      | Noticed a cyclops
 15491 | D:9      | Found a shadowy altar of Dithmenos.
 15603 | D:9      | Killed a cyclops
 15604 | D:9      | Reached XP level 11. HP: 92/92 MP: 6/15
 15687 | D:9      | Reached **** piety under Qazlal
 16196 | D:9      | Found the +7 staff of the Meek {protect, meekguard}
 16361 | D:8      | Noticed a five-headed hydra
 16365 | D:8      | Killed a five-headed hydra
 16375 | D:8      | Reached skill level 1 in Staves
 16734 | D:8      | Killed a two-headed ogre
 16737 | D:8      | Killed a five-headed hydra
 16896 | D:10     | Entered Level 10 of the Dungeon
 16952 | D:10     | Found a white marble altar of Elyvilon.
 16959 | D:10     | Found a staircase to the Orcish Mines.
 17135 | D:9      | Found an iron altar of Okawaru.
 18020 | D:10     | Noticed a two-headed ogre
 18050 | D:10     | Killed a two-headed ogre
 18096 | D:10     | Learned a level 4 spell: Hailstorm
 18237 | D:10     | Found a sparkling altar of Nemelex Xobeh.
 18298 | D:10     | Found a staircase to the Lair.
 18527 | D:10     | Found a blossoming altar of Fedhas.
 18540 | D:10     | Found a basalt altar of Yredelemnul.
 19190 | D:11     | Noticed a green ugly thing
 19273 | Lair:1   | Entered Level 1 of the Lair of Beasts
 19504 | Lair:1   | Reached XP level 12. HP: 102/102 MP: 1/18
 19753 | Lair:1   | Noticed a death yak
 19764 | Lair:1   | Noticed a death yak
 19803 | D:10     | Killed a death yak
 19974 | Lair:1   | Killed a death yak
 20291 | Lair:1   | Reached skill level 5 in Staves
 20644 | Lair:1   | Noticed a death yak
 20644 | Lair:1   | Noticed a death yak
 20698 | D:10     | Killed a death yak
 20848 | Lair:1   | Killed a death yak
 21303 | Lair:2   | Noticed Amaemon
 21503 | Lair:1   | Identified 2 scrolls of acquirement
 21503 | Lair:1   | Acquired a +3 eveningstar of venom
 21508 | Lair:1   | Acquired the ring of Jicajaso {Contam rN++ Will+++ Dex+6
                  | Slay+6}
 21523 | Lair:1   | Killed Amaemon
 21645 | Lair:2   | Noticed a six-headed hydra
 21668 | Lair:2   | Killed a six-headed hydra
 21814 | Lair:2   | Reached ***** piety under Qazlal
 21827 | Lair:2   | Noticed a four-headed hydra
 21856 | Lair:2   | Reached skill level 5 in Spellcasting
 21859 | Lair:2   | Killed a four-headed hydra
 22259 | Lair:2   | Reached skill level 10 in Ice Magic
 22616 | Lair:2   | Found a staircase to the Swamp.
 22984 | Lair:3   | Found a shadowy altar of Dithmenos.
 22990 | Lair:3   | Found a staircase to the Snake Pit.
 23123 | Lair:3   | Noticed Josephine
 23129 | Lair:3   | Killed Josephine
 23130 | Lair:3   | Reached XP level 13. HP: 100/111 MP: 1/21
 23526 | Lair:3   | Learned a level 1 spell: Shock
 23680 | Lair:3   | Learned a level 3 spell: Swiftness
 24029 | Lair:3   | Acquired the ring of Soran {Ice rCorr Int-3 SInv}
 24443 | Lair:4   | Found a frozen archway.
 25090 | Lair:3   | Reached skill level 10 in Conjurations
 25457 | Lair:4   | Noticed a minotaur
 25588 | Lair:4   | Noticed Hadkhar's ghost (journeyman TeAE)
 25860 | Lair:4   | Reached skill level 1 in Invocations
 25925 | Lair:4   | Found a runed translucent gate.
 25925 | Lair:4   | Found a runed translucent gate.
 25925 | Lair:4   | Found a runed translucent gate.
 26777 | D:11     | Reached skill level 1 in Summonings
 26777 | D:11     | Reached skill level 1 in Transmutations
 26777 | D:11     | Reached skill level 1 in Evocations
 27446 | D:11     | Learned a level 3 spell: Stone Arrow
 27777 | D:12     | Reached skill level 1 in Earth Magic
 27972 | D:12     | Reached ****** piety under Qazlal
 28016 | D:12     | Noticed Kirke
 28024 | D:12     | Killed Kirke
 28123 | D:12     | Gained mutation: Your large and strong wings let you fly.
                  | [Black Draconian growth]
 28123 | D:12     | Reached XP level 14. HP: 113/119 MP: 10/23
 28128 | D:12     | Learned a level 4 spell: Airstrike
 28223 | D:12     | Found a radiant altar of Vehumet.
 28279 | D:12     | Reached skill level 10 in Fighting
 28479 | Orc:1    | Entered Level 1 of the Orcish Mines
 28480 | Orc:1    | Noticed an orc warlord
 28765 | Lair:5   | Entered Level 5 of the Lair of Beasts
 29300 | Lair:5   | Got the Dissertation on the Combative Arsonist
 29566 | Lair:5   | Found a staircase to the Slime Pits.
 29657 | Lair:5   | Reached skill level 5 in Dodging
 30969 | D:10     | Reached skill level 10 in Air Magic
 31112 | Orc:1    | Killed an orc warlord
 31421 | Orc:1    | Found Mezublei's Assorted Antiques.
 31692 | Orc:1    | Found Hullos's Distillery.
 31697 | Orc:1    | Bought a potion of heal wounds for 65 gold pieces
 31697 | Orc:1    | Bought a potion of invisibility for 104 gold pieces
 31717 | Orc:1    | Found Biyxaget's Weapon Shop.
 31862 | Orc:1    | Found Vuel's Magic Scroll Emporium.
 31884 | Orc:1    | Bought a scroll of summoning for 114 gold pieces
 31884 | Orc:1    | Bought a scroll of poison for 48 gold pieces
 31884 | Orc:1    | Bought a scroll of teleportation for 36 gold pieces
 31936 | Orc:1    | Found Subroraix's Jewellery Shop.
 32160 | Orc:2    | Entered Level 2 of the Orcish Mines
 32346 | Orc:2    | Found a staircase to the Elven Halls.
 32561 | Orc:2    | Noticed Nessos
 32566 | Orc:2    | Killed Nessos
 33374 | Orc:2    | Found Qaunoq's General Store.
 33377 | Orc:2    | Found Dyomy's Magic Scroll Boutique.
 33517 | Orc:2    | Reached XP level 15. HP: 99/128 MP: 23/25
 33554 | Orc:2    | Bought 3 scrolls of enchant armour for 337 gold pieces
 33554 | Orc:2    | Bought a scroll of summoning for 142 gold pieces
 34263 | Orc:2    | Reached skill level 5 in Invocations
 34912 | Orc:2    | Reached skill level 10 in Staves
 34958 | Orc:2    | Found Orum Ytu's Antique Armour Shoppe.
 34958 | Orc:2    | Found Uceredan's Jewellery Emporium.
 34959 | Orc:2    | Found a one-way gate leading to the halls of Pandemonium.
 34961 | Orc:2    | Bought a pair of runed boots for 135 gold pieces
 34987 | Orc:2    | Bought an amulet of reflection for 450 gold pieces
 37124 | D:13     | Found a gate to the Vaults.
 37445 | Snake:1  | Entered Level 1 of the Snake Pit
 39712 | Snake:1  | Learned a level 6 spell: Conjure Ball Lightning
 43002 | Snake:2  | Reached skill level 5 in Evocations
 43322 | Snake:2  | Reached XP level 16. HP: 92/137 MP: 11/27
 44467 | Snake:2  | Noticed Roxanne
 45272 | Snake:3  | Noticed Vashnia
 45852 | Snake:3  | Killed Vashnia
 46491 | Snake:3  | Identified the +5 mace "Vos Kump" {vorpal, rF+++ rN++
                  | Stlth-}
 46880 | Snake:3  | Found a sacrificial altar of Ru.
 47069 | Snake:4  | Entered Level 4 of the Snake Pit
 48009 | Snake:3  | Gained mutation: You occasionally lose the ability to read
                  | scrolls when taking damage. [mutagenic glow]
 48542 | Snake:4  | Found a shadowy altar of Dithmenos.
 48916 | Snake:4  | Reached XP level 17. HP: 146/146 MP: 11/29
 52196 | Snake:4  | Got a serpentine rune of Zot
 53150 | Swamp:1  | Entered Level 1 of the Swamp
 53167 | Lair:2   | Reached skill level 5 in Ranged Weapons
 53628 | Swamp:1  | Noticed a tentacled monstrosity
 53648 | Swamp:1  | Killed a tentacled monstrosity
 54428 | Swamp:1  | Reached skill level 10 in Invocations
 54682 | Swamp:2  | Noticed Frances
 54686 | Swamp:2  | Noticed a tentacled monstrosity
 54696 | Swamp:1  | Killed Frances
 54914 | Swamp:1  | Reached skill level 5 in Transmutations
 54922 | Swamp:1  | Killed a tentacled monstrosity
 55084 | Swamp:2  | Noticed Jorgrun
 55092 | Swamp:2  | Killed Jorgrun
 55313 | Swamp:2  | Found a runed translucent door.
 55920 | Swamp:2  | Reached XP level 18. HP: 154/154 MP: 26/30
 58101 | Swamp:4  | Entered Level 4 of the Swamp
 59313 | Swamp:4  | Got the Almanac of the Vapourous Volcanoes
 59486 | Swamp:4  | Reached skill level 5 in Maces & Flails
 59892 | Swamp:4  | HP: 5/154 [seven-headed hydra simulacrum (10)]
 59892 | Swamp:4  | Mangled by a seven-headed hydra simulacrum

Illustrated notes

Levels and vault maps discovered:
D:1:      scummos_arrival_gate, layout_loops_ring
D:2:      layout_rooms, hellmonk_ecumenical_altar_lost_god, serial_bayou_pond_a,
          minmay_joined_circles
D:3:      layout_rooms, minitemple, serial_shops, nicolae_diamond_shop
D:4:      minmay_diamond_boxcup, layout_basic, led_sif_book
D:5:      layout_gridville, mainiacjoe_overflow_small_starburst,
          minmay_temple_entry_drinking_statues, skrybe_limestone_x,
          uniq_blork_the_orc, uniq_sigmund
D:6:      layout_basic, nicolae_ru_great_annihilating_truth, serial_shops,
          nicolae_shop_overgrown_old_shop, chequers_serial_rivers_micro_b,
          dk_noncrumbling_3
D:7:      layout_gridville, mainiacjoe_overflow_alcove_1, minmay_between,
          uniq_duvessa
D:8:      nzn_winding_woodlands_stair_cross
          [nzn_winding_woodlands_5x15_sidewinder,
          nzn_winding_woodlands_center_triple_pond,
          nzn_winding_woodlands_5x15_lazy_stream,
          nzn_winding_woodlands_5x5_checkerboard,
          nzn_winding_woodlands_5x5_cross,
          nzn_winding_woodlands_5x15_concentric,
          nzn_winding_woodlands_center_lodge,
          nzn_winding_woodlands_5x15_parted], layout_basic,
          mainiacjoe_overflow_alcove_2
D:9:      layout_small_grid, nicolae_dithmenos_shadow_blocks,
          nicolae_overflow_hidden_temple, mainiacjoe_overflow_chevrons,
          pf_guarded_unrand_meek
D:10:     layout_big_octagon, grunt_temple_overflow_open,
          mainiacjoe_overflow_catwalk,
          mainiacjoe_overflow_concentric_impassable, dpeg_oklobed_lair,
          enter_bailey_5, fountainhead
D:11:     layout_long_grid, nicolae_benzene_ring
D:12:     layout_roguey, nicolae_vehumet_radiance, uniq_kirke
D:13:     layout_irregular_city, david_vaults_1
Lair:1:   layout_concentric_octagons, minmay_lair_oklob_bushes,
          grunt_megastairs_1
Lair:2:   layout_cave_pods, swamp_mist, uniq_amaemon
Lair:3:   layout_chaotic_city, guppyfry_snake_entry_garden, basic_altar,
          eino_small_chamber_without_monster, chequers_serial_rivers_large_b,
          uniq_josephine
Lair:4:   layout_cave_shapes, portal_ice_cave_entry_imps,
          maelrawn_ghost_gauntlet_escape
Lair:5:   minmay_lair_end_frog_pond, layout_gridlike,
          nicolae_slime_entry_slimehenge
Swamp:1:  layout_basic_swamp, evilmike_swamp_ruin_house_4
Swamp:2:  gammafunk_mikee_crab_dinner, layout_falls_marsh,
          evilmike_swamp_ruin_rubble_1, swamp_pool3, uniq_jorgrun, uniq_frances
Swamp:3:  layout_falls_marsh, nicolae_swamp_orc_logging_accident, swamp_pool4
Swamp:4:  byrel_swamp_growth_death_and_undeath, layout_basic_swamp
Snake:1:  nicolae_snake_shooting_gallery, layout_onion, grunt_megastairs_5
Snake:2:  layout_rooms, nicolae_snake_omega, grunt_megastairs_2, uniq_roxanne
Snake:3:  layout_rooms, basic_altar, uniq_vashnia
Snake:4:  snake_pit_salamanders_mu, layout_onion, basic_altar
Orc:1:    layout_diamond_mine, serial_shops, nicolae_shop_bloodbath_and_beyond,
          nicolae_shop_hallway_plus, nicolae_shop_waterfront, shop, shop
Orc:2:    pf_orc_diabolical, layout_caves, uniq_nessos

Skill      XL: |  1  2  3  4  5  6  7  8  9 10 11 12 13 14 15 16 17 18 |
---------------+-------------------------------------------------------+-----
Stealth        | 2 3 4 5 6 |  6.4
Fighting       | 1 2 3 4 5 6 7 8 9 10 11 12 | 12.4
Shields        | 1 2 3 4 5 6 7 |  7.6
Translocations | 1 2 |  2.1
Ranged Weapons | 1 2 3 4 5 6 |  6.6
Spellcasting   | 3 4 5 6 7 8 9 |  9.1
Ice Magic      | 5 6 7 8 10 11 12 | 12.1
Air Magic      | 3 4 7 8 9 10 11 12 | 12.5
Long Blades    | 3 |  3.8
Conjurations   | 2 4 6 7 9 10 11 | 11.3
Maces & Flails | 2 3 4 5 |  5.0
Staves         | 4 6 8 9 10 11 12 | 12.2
Dodging        | 3 5 7 8 9 |  9.1
Invocations    | 2 4 6 8 10 | 10.9
Summonings     | 1 |  1.1
Transmutations | 1 2 4 5 |  5.7
Evocations     | 2 3 5 6 7 |  7.5
Earth Magic    | 1 3 |  3.9

Action                   |  1- 3 |  4- 6 |  7- 9 | 10-12 | 13-15 | 16-18 || total
-------------------------+-------+-------+-------+-------+-------+-------++-------
Melee: Short sword       |    14 |    11 |     3 |       |       |       ||    28
       Tailslap          |     3 |    11 |    44 |    72 |   143 |   113 ||   386
       Dagger            |     1 |       |       |       |       |       ||     1
       Unarmed           |     1 |       |       |       |       |       ||     1
       Rapier            |       |   117 |    52 |       |       |       ||   169
       Scimitar          |       |       |   134 |       |       |       ||   134
       Spear             |       |       |    72 |   150 |    32 |   111 ||   365
       Flail             |       |       |    13 |    11 |       |       ||    24
       Quarterstaff      |       |       |       |   228 |   521 |    29 ||   778
       Eveningstar       |       |       |       |     3 |       |   371 ||   374
       Lajatang          |       |       |       |       |   165 |    79 ||   244
       Mace              |       |       |       |       |       |    22 ||    22
       Punch             |       |       |       |       |       |     1 ||     1
 Fire: Sling             |    64 |    65 |    36 |    15 |       |       ||   180
       Arbalest          |       |       |       |       |   133 |    70 ||   203
       Hand crossbow     |       |       |       |       |       |    82 ||    82
Throw: Dart              |       |       |    11 |     2 |       |       ||    13
       Javelin           |       |       |     3 |       |       |       ||     3
 Cast: Freeze            |    35 |    15 |    27 |     5 |     3 |     4 ||    89
       Frozen Ramparts   |     2 |    18 |    39 |    27 |    43 |    35 ||   164
       Ozocubu's Armour  |       |     9 |    39 |    28 |    59 |    38 ||   173
       Airstrike         |       |       |    21 |    62 |   161 |   113 ||   357
       Blink             |       |       |     1 |       |     1 |       ||     2
       Hailstorm         |       |       |       |    10 |    40 |    45 ||    95
       Shock             |       |       |       |       |    29 |    50 ||    79
       Stone Arrow       |       |       |       |       |    11 |       ||    11
       Swiftness         |       |       |       |       |     3 |     1 ||     4
       Conjure Ball Ligh |       |       |       |       |     6 |     4 ||    10
Invok: Elemental Force   |       |       |       |       |     2 |     2 ||     4
       Upheaval          |       |       |       |       |       |     1 ||     1
 Abil: Breathe Lightning |       |       |     6 |     6 |    36 |    27 ||    75
Evoke: Wand              |       |     1 |       |     3 |     4 |     1 ||     9
  Use: Scroll            |       |     6 |     9 |     5 |    13 |    16 ||    49
       Potion            |       |     1 |     6 |     3 |     2 |     2 ||    14
 Stab: Sleeping          |     1 |       |       |       |       |       ||     1
Armor: Skin              |    23 |    71 |   183 |   223 |   471 |   377 ||  1348
Dodge: Dodged            |    55 |    87 |   231 |   244 |   877 |   409 ||  1903
       Repelled          |       |       |       |     1 |    20 |    23 ||    44
Block: Buckler           |     5 |    28 |   108 |       |       |       ||   141
       Kite shield       |       |       |    78 |   124 |       |       ||   202
       Other             |       |       |       |    64 |   610 |   161 ||   835
       Reflection        |       |       |       |       |   119 |   121 ||   240
       Tower shield      |       |       |       |       |       |  1067 ||  1067
